Unix xNetHack Version 8.0.0 - last build Jun 13 2023 01:05:28 (4b7ecc64c373f7294607d497be3f7ce1783331ac). Game began 2023-06-20 11:00:13, ended 2023-06-21 06:13:11. wvc, chaotic female human Rogue .}} } }}}} }}}.....}}} .}}}} }} }}}..}}. }.} .} }}.} }} } }}...} }}... }.} .}} }}}}..}}}. }} .} }.}. ..}} }}}}} }..}} } } }}}.}.}} ...}} }. .} . }}.} .}. . }...} ... ...}}. } }.}.. .}}}} .}}}.}}. .}}.. }.}}. . .}} ...}}. }}..}} .}.. .}.}}}}. }}}.. }..} }.} . } ..}. ..}}} .}... }..}}} }. }... }}....}} . }.}} }..}}. }} .}..}} }.} }. ....}} }. }} ...}...}}}. }} . ... }.. }. }. }. }} ...}.}. .. }. }} }}*.}} }}}}..}} }. }.} }. }. }} }}} .} . ...}}} }}} }}.... }}. .} }.} . ....... }... ...}}}. .}....} ..}} }}.... .... }} .} }. } }. .... }...... }}. }. }..}}}...}}. }. }}....}}... }}}}.... }} }..... .. .. }.. }} ..r .} }} }}.}} }} ......}}}}.} }. .} } }}. }..<..}S*##}. }}...}....}}} .. }} }. }..}} . } } } {. ..rP#S.#}}. }}...} . ... ..}} .}. }. ..}}}} } . .} @ }^.*}^..} ... ....}}..}.. }. .} ..}}} } } . ..} ### }} .} .... .{.}}.... }}} .} }.} .. .} } ......}}... r }}..}}}.......} }} }}.} } .} }}} ... }} }}}....}} ...}} .} }}}}... .. }. .}} }} .}}.....}}.. .. ..}}}}.......}}} } .} }}. . ..}}}. } } }..} .... }}}} }.} }}} }} }.....}} .} }}} }}} } Wvc the Rogue St:16 Dx:18 Co:13 In:11 Wi:13 Ch:12 Chaotic S:5224 Dlvl:12 $:414 HP:0(51) Pw:30(30) AC:-1 Xp:7/1055 T:5667 Latest messages: The snake starts to attack you, but pulls back. A gush of water hits the crocodile! The snake starts to attack you, but pulls back. You feel something move nearby. The snake starts to attack you, but pulls back. You finish your prayer. You feel that Kos is well-pleased. You feel much better. The water moccasin misses! A gush of water hits you on the head! Wait! There's a sewer rat hiding under 10 rocks! The sewer rat misses! You kill the sewer rat! It bites! It misses! You are carrying too much to get through. What do you want to zap? [rzH or ?*] ? In what direction? h It misses! It claws you! What do you want to zap? [rzH or ?*] r In what direction? k You impale the snake! It misses! It misses! The snake bites! You gore the snake! The snake misses! You kill the snake! It bites! It just misses! You see here a snake corpse. The brown pudding bites! Your cloak of protection rots! It bites! It claws you! Your mithril elven ring mail blocks the snake's attack. What do you want to zap? [rzH or ?*] ? In what direction? n It bites! It claws you! The snake bites! Your mithril elven ring mail blocks the snake's attack. What do you want to zap? [rzH or ?*] R You don't have that object. What do you want to zap? [rzH or ?*] r In what direction? k The snake bites! You die... Do you want your possessions identified? [ynq] (y) q Inventory: Inventory: 772/775 weight (40/52 slots) Coins ('$') $ - 414 gold pieces {4} Weapons (')') y - 27 +0 silver arrows {27} t - 17 rusty +1 daggers (wielded) {170} Armor ('[') p - an uncursed +0 mithril dwarvish helm (being worn) {19} V - an uncursed +0 pair of dwarvish boots (being worn) {38} l - an uncursed +0 cloak of invisibility {10} k - an uncursed rotted +0 cloak of protection (being worn) {8} E - an uncursed +0 oilskin cloak {10} K - an uncursed +0 mithril elven ring mail (being worn) {88} Comestibles ('%') O - a cursed clove of garlic {1} q - an uncursed food ration {20} P - a cursed orange {2} w - 4 uncursed eggs {4} n - 2 uncursed lichen corpses {40} Scrolls ('?') D - an uncursed scroll of gold detection {5} G - an uncursed scroll of identify {5} Potions ('!') j - a cursed potion of polymorph {20} I - an uncursed potion of restore ability {20} Rings ('=') N - an uncursed ring of protection from shape changers {3} C - a cursed ring of shock resistance {3} Wands ('/') r - a wand of digging (0:2) {7} H - a wand of make invisible (0:2) {7} z - a wand of nothing (0:10) {7} Tools ('(') s - an uncursed oilskin sack containing 6 items {120} f - an empty uncursed sack {15} g - an uncursed blindfold {2} e - an uncursed lock pick {4} v - an uncursed lock pick {4} o - an uncursed magic lamp {20} m - an uncursed oil lamp {20} L - an uncursed oil lamp (lit) {20} b - an uncursed copper skeleton key {3} Q - a cursed skeleton key {3} d - a blessed tallow candle {2} h - an uncursed tallow candle {2} u - a +0 unicorn horn {20} Gems/Stones ('*') B - 3 uncursed worthless pieces of green glass {3} x - 3 uncursed worthless pieces of orange glass {3} A - 2 uncursed worthless pieces of violet glass {2} i - an uncursed worthless piece of yellowish brown glass {1} F - an uncursed touchstone {10} Contents of the oilskin sack: a cursed scroll of create monster an uncursed potion of see invisible an uncursed potion of hallucination an uncursed potion of gain level an uncursed potion of object detection an uncursed potion of fruit juice Wvc the Rogue's attributes: Background: You were a Rogue, level 7 female human. You were chaotic, on a mission for Kos who was opposed by Issek (lawful) and Mog (neutral). You were heterosexual. You were in the Gnomish Mines, on level 12. You entered the dungeon 5667 turns ago. You had 1055 experience points, 225 more were needed to attain level 8. Your score was 5224 before end-of-game adjustments. Basics: You had 0 out of 51 hit points. You had all 30 energy points (spell power). Your armor class was -1. Your wallet contained 414 zorkmids. Autopickup was on for '$!"=?' plus thrown. Final Characteristics: Your strength was 16 (limit:18/100). Your dexterity was 18 (limit:18). Your constitution was 13 (limit:18). Your intelligence was 11 (limit:18). Your wisdom was 13 (limit:18). Your charisma was 12 (limit:18). Final Status: You were not hungry. You were unencumbered. You were wielding daggers. You had expert skill with dagger. Final Attributes: You were piously aligned. You were stealthy. You were protected. You are dead. Miscellaneous: You never encountered a bones level. Total elapsed playing time was 1 hour, 19 minutes and 19 seconds. Major events: Turn 1: wvc the chaotic female human Rogue entered the dungeon 575: attained the rank of Cutpurse (level 3) 2380: entered the Gnomish Mines 3115: attained the rank of Rogue (level 6) 3801: reached Mine Town 5667: killed by a snake Vanquished creatures: a wolf a lynx 2 giant spiders a werewolf 2 dwarf leaders a white unicorn a raven a snake 2 rock piercers a yellow light 5 gnome leaders 2 gnomish wizards 2 elf zombies 2 floating eyes 10 dwarves a kobold leader a giant bat a monkey a werejackal 2 iguanas an acid blob 2 hobbits a manes 2 giant rats a brown mold a yellow mold a green mold 39 gnomes 2 geckos 2 jackals 3 foxes a kobold 4 goblins 3 sewer rats a grid bug 4 lichens 4 newts 112 creatures vanquished. No species were genocided or became extinct. Voluntary challenges: You read items or engraved 7 times. You never had a pet. You never genocided any monsters. You never polymorphed an object. You never changed form. You never touched an artifact. You used no wishes. You never owned a pet. You were celibate. You never generated conflict. Achievements: You attained the rank of Cutpurse. You entered a shop. You entered the Gnomish Mines. You attained the rank of Rogue. You entered Minetown. You entered a temple. Dungeon overview: The Dungeons of Doom: levels 1 to 5 Level 1: Level 2: A fountain, a tree. Level 3: A weapon shop, a tree. Stairs down to The Gnomish Mines. Level 4: A fountain, some sinks. Level 5: The Gnomish Mines: levels 4 to 12 Level 4: Level 5: Level 6: Many shops, a temple to Kos, some fountains. Level 7: Level 8: Level 10: Level 12: <- You were here. Some fountains. Final resting place for you, killed by a snake. Game over: __________ / \ / REST \ / IN \ / PEACE \ / \ | wvc | | 414 Au | | killed by a | | snake | | | | | | 2023 | *| * * * | * _________)/\\_//(\/(/\)/\//\/|_)_______ Goodbye wvc the Rogue... You died in The Gnomish Mines on dungeon level 12 with 5183 points, and 414 pieces of gold, after 5667 moves. You were level 7 with a maximum of 51 hit points when you died.